AoeStats
← nando-quiros

Arabian Desert

510698962Analyzed
1v1 RM · 12h ago on Oct 2, 2026· 48m 55s· 2 players
Game mode
Random Map
Map size
Tiny (2 player)
Population
200
Speed
Normal
Resources
Standard
Victory
Conquest
Starting age
Dark Age
Ending age
Imperial Age
RankedLock teamsTeams togetherTeam positionsShared explorationLock speedFull tech treeHidden civsTurbo modeCheats
Victory
Defeat
🇨🇷 Ethiopians · Costa Rica
871
+15
🇻🇪 Romans · Venezuela
854
-15
GUOL0L0 JhosDash
8:14 Loom
10:23 Feudal Age
11:01 Man-at-Arms
13:32 Scale Mail Armor
22:55 Castle Age
22:08 Scale Barding Armor
23:09 Elite Skirmisher
37:10 Double-Bit Axe
45:02 Imperial Age
44:19 Horse Collar
45:02 Heavy Plow
45:16 Bow Saw
46:21 Long Swordsman
nando-quiros
8:54 Loom
11:06 Feudal Age
15:08 Horse Collar
15:47 Fletching
16:57 Padded Archer Armor
22:23 Castle Age
20:24 Double-Bit Axe
22:24 Crossbowman
23:10 Thumb Ring
23:22 Leather Archer Armor
23:04 Bodkin Arrow
24:47 Bow Saw
27:19 Wheelbarrow
26:47 Heavy Plow
27:12 Leather Archer Armor
27:15 Stone Mining
27:37 Squires
27:55 Forging
30:09 Ballistics
31:24 Hand Cart
31:09 Gold Mining
31:56 Scale Mail Armor
32:32 Iron Casting
32:50 Gold Shaft Mining
33:39 Town Watch
34:22 Chain Mail Armor
35:49 Arson
39:36 Imperial Age
38:11 Masonry
39:15 Stone Shaft Mining
39:50 Elite Shotel Warrior
41:34 Blast Furnace
41:26 Conscription
42:44 Torsion Engines
43:50 Chemistry
42:44 Halberdier
44:29 Architecture
44:31 Town Patrol
46:27 Plate Mail Armor
Connection lost

Rejoining the realm…

Still unreachable

The connection could not be restored.

Session expired

The server has moved on; the page needs a fresh start.